 Dungeon Crawl Stone Soup version 0.29-a0-962-gc8bbfd0a37 (webtiles) character file.

Game seed: 18144639061022871489

23 spaghetti the Caller (level 2, -1/19 HPs)
             Began as a Demonspawn Summoner on July 31, 2022.
             Was a Follower of Cheibriados.
             Slain by a ball python (2 damage)
             ... on level 1 of the Dungeon.
             The game lasted 00:02:04 (1642 turns).

spaghetti the Caller (Demonspawn Summoner)          Turns: 1642, Time: 00:02:04

Health: -1/19      AC:  2    Str: 11    XL:     2   Next: 72%
Magic:  5/5        EV: 12    Int: 19    God:    Cheibriados [*.....]
Gold:   54         SH:  0    Dex: 16    Spells: 5/6 levels left

rFire   . . .      SeeInvis .   (no weapon)
rCold   . . .      Faith    .   (no shield)
rNeg    . . .      Spirit   .   a - +0 robe
rPois   .          Reflect  .   (helmet restricted)
rElec   .          Harm     .   (no cloak)
rCorr   .          Rampage  .   (no gloves)
Will    .....                   (no boots)
Stlth   ++........              (no amulet)
HPRegen 0.06/turn               (no ring)
MPRegen 0.09/turn               (no ring)

@: mighty, very slow
A: antennae 1
a: Renounce Religion, Bend Time


You were on level 1 of the Dungeon.
You worshipped Cheibriados.
Cheibriados was aware of your devotion.
You visited 1 branch of the dungeon, and saw 1 of its levels.

You collected 54 gold pieces.


Innate Abilities, Weirdness & Mutations

You have a pair of small antennae on your head.


   Skills:
 + Level 0.3 Fighting
 + Level 0.2 Armour
 - Level 1.7 Dodging
 - Level 1.7 Stealth
 * Level 2.5 Spellcasting
 + Level 4.3 Summonings


You had 5 spell levels left.
You knew the following spells:

 Your Spells              Type           Power      Damage    Failure   Level
a - Summon Small Mammal   Summ           72%        N/A       2%          1

Your spell library contained the following spells:

 Spells                   Type           Power      Damage    Failure   Level
 Call Imp                 Summ           18%        N/A       4%          2
 Call Canine Familiar     Summ           18%        N/A       9%          3
 Summon Guardian Golem    Hex/Summ       10%        N/A       21%         3
 Ensorcelled Hibernation  Hex/Ice        4%         N/A       24%         2
 Confusing Touch          Hex            2%         N/A       43%         3
 Dazzling Flash           Conj/Hex       4%         N/A       43%         3
 Frozen Ramparts          Ice            4%         1d2       43%         3
 Spider Form              Tmut/Pois      2%         N/A       43%         3
 Summon Ice Beast         Ice/Summ       10%        N/A       54%         4
 Summon Lightning Spire   Summ/Air       10%        N/A       54%         4
 Anguish                  Hex/Necr       1%         N/A       85%         4
 Ice Form                 Ice/Tmut       2%         N/A       85%         4
 Iskenderun's Mystic Bla  Conj/Tloc      2%         2d3       85%         4
 Yara's Violent Unravell  Hex/Tmut       1%         3d3       99%         5
 Starburst                Conj/Fire      1%         6d3       100%        6
 Enfeeble                 Hex            1%         N/A       100%        7

Inventory:

Hand Weapons
 g - a +0 short sword {short}
   (You took it off a kobold on level 1 of the Dungeon)
 h - a +0 club {mace}
   (You took it off a goblin on level 1 of the Dungeon)
 j - a +0 club {mace}
   (You took it off a goblin on level 1 of the Dungeon)
 l - a +0 club {mace}
   (You took it off a goblin on level 1 of the Dungeon)
Armour
 a - a +0 robe (worn)
Jewellery
 d - a ring of protection from fire
   (You found it on level 1 of the Dungeon)
Scrolls
 c - a scroll of torment {unknown}
 e - 2 scrolls of identify {unknown}
 f - a scroll of fear {unknown}
 i - a scroll of noise {unknown}
Potions
 b - a potion of magic
 k - a potion of might
 m - a potion of curing {unknown}

Dungeon Overview and Level Annotations

Branches:
Dungeon (1/15) Zot: 6882

Altars:
Cheibriados

##.## #.# #.........# #..#.# #.#
#.# #.........# #..#.# #.# #.#
#.........###..#.# ######.# #.#
#..##..........#.# .......# #.#
#..##..........#.# .####### ##.##
#..#####.####..#.#
..########.#.###.)# #.# #..#..
..........###.##.โ€ # #.# #..##.
..#.#####..#.###@.# #.# #..##.
..#.#####.#.## #.S# #.# #..#..
#.#.........# #......... ...#..
#.#.#####.#.# #......... #..
#.#...# #.#.# #......... #..
#.###.# #.#.############# ##.
#.###.###.#....# ##.## #.
#.##..รท##..###.######.#.########.
#.........#.##.#.................


You could see a ball python.


Message History

You now have 54 gold pieces (gained 9).
m - an emerald potion A dart slug comes into view.
A dart slug is nearby!
A dart slug is nearby!
A dart slug is nearby!
A dart slug is nearby!
A bat comes into view.
The bat hits you but does no damage. x2
You see here a +0 hand axe {axe}.
You hit the bat. The bat closely misses you.
You hit the dart slug. The bat misses you. The dart slug misses you.
The bat barely misses you.
You closely miss the bat. The bat barely misses you.
You hit the dart slug. The bat closely misses you.
The dart slug bites you. ๐Ÿ˜• HP[-1]
You take 1 damage, and now have 18/19 hp.
You are too injured to fight recklessly!
You are too injured to fight recklessly!
You are too injured to fight recklessly!
You are too injured to fight recklessly!
You are too injured to fight recklessly!
You are too injured to fight recklessly!
You are too injured to fight recklessly!
You are too injured to fight recklessly!
You hit the dart slug but do no damage. The bat hits you but does no damage.
The dart slug closely misses you.
You hit the dart slug. The bat hits you but does no damage.
The bat closely misses you.
The dart slug closely misses you. ๐Ÿ˜Ž HP[+1]
Your hp is fully restored (19).
You hit the dart slug. The bat closely misses you.
You hit the dart slug but do no damage. The bat hits you.
The dart slug launches a dart at you. The slug dart hits you. ๐Ÿ˜ฎ HP[-7]
You take 7 damage, and now have 12/19 hp.
MASSIVE DAMAGE!! (PAUSE)
You hit the dart slug. The bat barely misses you.
The bat hits you but does no damage. The dart slug launches a dart at you.
The slug dart hits you.
* * * LOW HITPOINT WARNING * * *
๐Ÿ˜จ HP[-5]
You take 5 damage, and now have 7/19 hp.
MASSIVE DAMAGE!! (PAUSE) Unknown command.
You hit the dart slug but do no damage. The bat closely misses you.
The bat misses you.
You hit the dart slug.
You kill the dart slug!
The bat hits you but does no damage. The bat barely misses you.
You hit the bat but do no damage. The bat hits you but does no damage.
You hit the bat. The bat closely misses you.
You hit the bat but do no damage. The bat closely misses you.
The bat hits you but does no damage. The bat hits you but does no damage.
You see here a +0 hand axe {axe}.
The bat closely misses you.
You see here a dart slug corpse.
The bat hits you but does no damage. The bat closely misses you.
A hobgoblin comes into view.
The bat hits you.
* * * LOW HITPOINT WARNING * * *
The bat hits you.
* * * LOW HITPOINT WARNING * * *
๐Ÿ˜จ HP[-2]
You take 2 damage, and now have 5/19 hp.
You hit the bat.
The hobgoblin shouts!
You hear an angry hiss.
The bat closely misses you. The bat misses you. ๐Ÿ˜จ HP[+1]
You closely miss the bat. The bat completely misses you.
You hit the bat.
You kill the bat!
Cheibriados thoroughly appreciates the change of pace.
Cheibriados raises the support of your attributes as your movement slows.
The hobgoblin closely misses you.
You hit the hobgoblin but do no damage. The hobgoblin hits you.
* * * LOW HITPOINT WARNING * * *
A ball python comes into view. ๐Ÿ˜จ HP[-1]
You take 1 damage, and now have 5/19 hp.
You hit the hobgoblin but do no damage. The hobgoblin hits you.
* * * LOW HITPOINT WARNING * * *
๐Ÿ˜ฑ HP[-3]
You take 3 damage, and now have 2/19 hp.
It was a potion of might.
You feel very mighty all of a sudden. The hobgoblin barely misses you.
You hit the hobgoblin. The hobgoblin hits you.
* * * LOW HITPOINT WARNING * * *
๐Ÿ˜ฑ HP[-1]
You take 1 damage, and now have 1/19 hp.
You punch the hobgoblin!
You kill the hobgoblin!
Cheibriados appreciates the change of pace.
You closely miss the ball python. The ball python bites you.
You die...

Action                   || total
-------------------------++-------
Melee: Unarmed           ||    71
       Punch             ||     2
 Cast: Summon Small Mamm ||    18
  Use: Potion            ||     1
 Stab: Sleeping          ||     2
Armor: Robe              ||    25
Dodge: Dodged            ||    66

Levels and vault maps discovered:
D:1:      dpeg_arrival_boxes_within_box, layout_loops_ring,
          ebering_ecumenical_altar_mist, chequers_serial_rivers_micro_e,
          minmay_box_of_dots

Notes
Turn   | Place    | Note
-------+----------+-------------------------------------------
     0 | D:1      | spaghetti the Demonspawn Summoner began the quest for the
                  | Orb.
     0 | D:1      | Reached XP level 1. HP: 13/13 MP: 3/3
     0 | D:1      | magus.rc [v1.9.6]
   187 | D:1      | You pick up a book of Spectacle and begin reading...
   187 | D:1      | You add the spells Dazzling Flash, Iskenderun's Mystic
                  | Blast and Starburst to your library.
   435 | D:1      | Found a faded altar of an unknown god.
   443 | D:1      | Gained mutation: You have a pair of small antennae on your
                  | head. [demonic ancestry]
   443 | D:1      | Reached XP level 2. HP: 18/19 MP: 3/5
   444 | D:1      | Prayed at the altar of an unknown god.
   444 | D:1      | Became a worshipper of Cheibriados the Contemplative
   444 | D:1      | Reached * piety under Cheibriados
   579 | D:1      | You pick up a book of Rime and begin reading...
   579 | D:1      | You add the spells Frozen Ramparts, Ice Form and Summon Ice
                  | Beast to your library.
  1005 | D:1      | You pick up a book of Dreams and begin reading...
  1005 | D:1      | You add the spells Ensorcelled Hibernation, Spider Form and
                  | Anguish to your library.
  1120 | D:1      | You pick up a book of Misfortune and begin reading...
  1120 | D:1      | You add the spells Confusing Touch, Yara's Violent
                  | Unravelling and Enfeeble to your library.
  1638 | D:1      | HP: 2/19 [hobgoblin (3)]
  1642 | D:1      | Slain by a ball python

Vanquished Creatures
  A dart slug (D:1)
  An endoplasm (D:1)
  3 goblins (D:1)
  A hobgoblin (D:1)
  A bat (D:1)
  2 rats (D:1)
9 creatures vanquished.

Vanquished Creatures (collateral kills)
  2 bats (D:1)
  A giant cockroach (D:1)
  A hobgoblin (D:1)
  2 jackals (D:1)
  A kobold (D:1)
  A quokka (D:1)
  A rat (D:1)
9 creatures vanquished.

Grand Total: 18 creatures vanquished

Table legend:
 A = Non-vault XP
 B = Vault XP
 C = Vault XP percentage of total XP
 D = Non-vault monster count
 E = Vault monster count
 F = Vault count percentage of total count
                 A         B        C        D         E       F
            +---------+---------+-------+---------+---------+-------
      Total |      31 |       2 |   6.1 |      17 |       1 |   5.6
            +---------+---------+-------+---------+---------+-------
        D:1 |      31 |       2 |   6.1 |      17 |       1 |   5.6
            +---------+---------+-------+---------+---------+-------

Illustrated notes

Table legend:
 A = Kills in this place as a percentage of kills in entire the game.
 B = Kills by you in this place as a percentage of kills by you in the entire game.
 C = Kills by friends in this place as a percentage of kills by friends in the entire game.
 D = Other kills in this place as a percentage of other kills in the entire game.
 E = Experience gained in this place as a percentage of experience gained in the entire game.
 F = Experience gained in this place divided by the number of levels of this place that you have seen.
                   A       B       C       D       E      F
               +-------+-------+-------+-------+-------+----------------------
         Total | 100.0 | 100.0 | 100.0 |   N/A | 100.0 |  33.0
       Dungeon | 100.0 | 100.0 | 100.0 |   N/A | 100.0 |  33.0
               +-------+-------+-------+-------+-------+----------------------

Table legend: (Time is in decaauts)
 A = Elapsed time spent in this place.
 B = Non-inter-level travel time spent in this place.
 C = Inter-level travel time spent in this place.
 D = Time resting spent in this place.
 E = Time spent auto-exploring this place.
 F = Levels seen in this place.
 G = Mean time per level.
                   A        B        C        D        E       F      G
               +--------+--------+--------+--------+--------+-----+--------+
         Total |   1893 |   1893 |      0 |      0 |   1696 |   1 | 1893.0 |
       Dungeon |   1893 |   1893 |      0 |      0 |   1696 |   1 | 1893.0 |
               +--------+--------+--------+--------+--------+-----+--------+

Top non-repeatable levels by time:
     D:1: 1893 daAuts
